 Dungeon Crawl Stone Soup version 0.24.0-123-gd5b16e6ec5 (webtiles) character file.

Game seed: 12062182923219807841, levelgen mode: deterministic

56 Elellon the Digger (level 3, -2/19 HPs)
             Began as a Gargoyle Earth Elementalist on Jan 22, 2020.
             Slain by a hound (3 damage)
             ... on level 2 of the Dungeon.
             The game lasted 00:08:32 (1347 turns).

Elellon the Digger (Gargoyle Earth Elementalist)    Turns: 1347, Time: 00:08:33

Health: -2/19      AC:  5    Str: 11    XL:     3   Next: 97%
Magic:  6/6        EV: 12    Int: 16    God:
Gold:   39         SH:  0    Dex: 10    Spells: 6/7 levels left

rFire    . . .     SeeInvis .   j - +0 club
rCold    . . .     Gourm    .   (no shield)
rNeg     + . .     Faith    .   c - +0 robe
rPois    ∞         Spirit   .   (no helmet)
rElec    +         Reflect  .   (no cloak)
rCorr    .         Harm     .   (no gloves)
MR       .....                  (no boots)
Stlth    ++........             (no amulet)
HPRegen  0.06/turn              (no ring)
MPRegen  0.10/turn              (no ring)

@: no status effects
A: negative energy resistance 1, electricity resistance, unbreathing,
petrification resistance, rot immunity, AC +3
a: no special abilities


You were on level 2 of the Dungeon.
You were not hungry.

You visited 1 branch of the dungeon, and saw 2 of its levels.

You collected 39 gold pieces.

Inventory:

Hand Weapons
 j - a +0 club (weapon)
Armour
 c - a +0 robe (worn)
Jewellery
 a - an uncursed ring of flight {unknown}
Scrolls
 e - a scroll of identify {unknown}
 f - a scroll of teleportation {unknown}
 g - a scroll of amnesia {unknown}
 h - a scroll of noise {unknown}
Potions
 i - a potion of agility {unknown}
 k - a potion of heal wounds {unknown}
 l - a potion of berserk rage {unknown}
Comestibles
 d - 2 rations


   Skills:
 - Level 1.5 Dodging
 - Level 3.0 Stealth
 + Level 2.5 Spellcasting
   Level 0.7 Transmutations
 * Level 4.8 Earth Magic


You had 6 spell levels left.
You knew the following spells:

 Your Spells              Type           Power        Failure   Level  Hunger
a - Sandblast             Erth           ###...       2%          1    #......

Your spell library contained the following spells:

 Spells                   Type           Power        Failure   Level  Hunger
 Passwall                 Tmut/Erth      ##......     10%         2    ##.....
 Stone Arrow              Conj/Erth      #.....       22%         3    ###....
 Petrify                  Tmut/Erth      ##......     52%         4    #####..
 Lee's Rapid Deconstruct  Erth           ###.......   58%         5    ######.


Dungeon Overview and Level Annotations

Branches:
Dungeon (2/15)

Altars:


Innate Abilities, Weirdness & Mutations

You are resistant to torment.
Your stone body is resilient. (AC +3)
You are immune to poison.
You resist negative energy. (rN+)
You are resistant to electric shocks. (rElec)
You can survive without breathing.
You are immune to petrification.
You are immune to rotting.


Message History

The hound is heavily wounded.
The hound closely misses you. The hound bites you but does no damage.
You closely miss the hound.
The hound is heavily wounded.
The hound closely misses you. The hound misses you.
You barely miss the hound.
The hound is heavily wounded.
The hound bites you.
* * * LOW HITPOINT WARNING * * *
The hound closely misses you.
You barely miss the hound.
The hound is heavily wounded.
The hound bites you.
* * * LOW HITPOINT WARNING * * *
The hound bites you.
* * * LOW HITPOINT WARNING * * *
You closely miss the hound.
The hound is heavily wounded.
The hound bites you but does no damage. The hound bites you.
You die...

### ..# # #.# #.#.# #
#.#.###.# # #.h.....# #
##+########@### #
##...##........# #
##.....#.####.#.# #
##........# #...#######
###.......<.####.........#
..'.......[.........####.#
###................### #.#
# ##....)..##.#.....<# #.#
# ##.....## #.#..##.# #.#


You could see a hound.

Vanquished Creatures
  An adder (D:2)
  An ooze (D:1)
  A dart slug (D:1)
  A leopard gecko (D:1)
  4 bats (D:1)
  2 giant cockroaches (D:1)
  7 goblins (D:1)
  7 hobgoblins (D:1)
  4 jackals (D:1)
  2 frilled lizards (D:1)
  2 kobolds (D:1)
  4 rats
36 creatures vanquished.

Notes
Turn   | Place    | Note
-------+----------+-------------------------------------------
     0 | D:1      | Elellon the Gargoyle Earth Elementalist began the quest for
                  | the Orb.
     0 | D:1      | Reached XP level 1. HP: 10/10 MP: 3/3
     2 | D:1      | Noticed an octopode
     2 | D:1      | Noticed an elf
     4 | D:1      | Noticed a tengu
     6 | D:1      | Noticed a minotaur
     6 | D:1      | Noticed a halfling
     8 | D:1      | Noticed a formicid
    10 | D:1      | Noticed a human
    10 | D:1      | Noticed an ogre
    12 | D:1      | Noticed a troll
    12 | D:1      | Noticed a demonspawn
    14 | D:1      | Noticed a draconian
    14 | D:1      | Noticed a merfolk
    16 | D:1      | Noticed a demigod
    16 | D:1      | Noticed a vampire
    18 | D:1      | Noticed a gargoyle
    20 | D:1      | Noticed a spriggan
    20 | D:1      | Noticed a felid
    22 | D:1      | Noticed a vine stalker
    22 | D:1      | Noticed a naga
    25 | D:1      | Noticed a centaur
    25 | D:1      | Noticed a dwarf
    27 | D:1      | Noticed a ghoul
    72 | D:1      | Reached skill level 4 in Earth Magic
    72 | D:1      | Reached XP level 2. HP: 3/15 MP: 1/5
   413 | D:1      | Reached XP level 3. HP: 19/19 MP: 4/6
  1347 | D:2      | Slain by a hound

Levels and vault maps discovered:
D:1:      kb_arrival_jail, layout_basic, minmay_tree_intersection,
          chequers_arboretum
D:2:      layout_loops_corners, marbit_many_paths,
          yredelemnul_forgotten_temple_becter, minmay_misc_feat_rows

Skill      XL: |  1  2  3 |
---------------+----------+-----
Earth Magic    | 4 |  4.8
Stealth        | 3 |  3.0
Dodging        | |  1.5
Spellcasting   | |  2.5
Transmutations | |  0.7

Action                   || total
-------------------------++-------
Melee: Unarmed           ||    36
       Club              ||    12
Throw: Stone             ||     2
 Cast: Sandblast         ||    46
  Eat: Chunk             ||     2
Armor: Robe              ||    21
Dodge: Dodged            ||    29
